 Dungeon Crawl Stone Soup version 0.24.1-8-ga250c9d538 (webtiles) character file.

Game seed: 2764672188241914328, levelgen mode: deterministic

885 Peloso the Slasher (level 8, -4/54 HPs)
             Began as a Halfling Fighter on Apr 28, 2020.
             Splashed by a jelly's acid (8 damage)
             ... on level 7 of the Dungeon.
             The game lasted 00:09:10 (3212 turns).

Peloso the Slasher (Halfling Fighter)               Turns: 3212, Time: 00:09:10

Health: -4/54      AC:  4    Str: 19    XL:     8   Next: 26%
Magic:  17/17      EV: 11    Int:  6    God:
Gold:   196        SH: 10    Dex: 14    Spells: 7/7 levels left

rFire    . . .     SeeInvis .   a - +0 long sword
rCold    . . .     Gourm    .   c - +0 shield
rNeg     . . .     Faith    .   b - +0 scale mail
rPois    .         Spirit   .   (no helmet)
rElec    .         Reflect  .   l - +0 cloak
rCorr    .         Harm     .   (no gloves)
MR       .....                  k - +0 pair of boots
Stlth    ..........             (no amulet)
HPRegen  0.18/turn              e - +3 ring of protection
MPRegen  0.15/turn              r - ring of magical power

@: lethally poisoned (-4 -> -5), corroded
A: small, mutation resistance 1
a: no special abilities


You were on level 7 of the Dungeon.
You were hungry.

You visited 1 branch of the dungeon, and saw 5 of its levels.

You collected 301 gold pieces.
You spent 105 gold pieces at shops.

Inventory:

Hand Weapons
 a - a +0 long sword (weapon)
Armour
 b - a +0 scale mail (worn)
 c - a +0 shield (worn)
 k - a +0 pair of boots (worn)
 l - a +0 cloak (worn)
Jewellery
 e - a +3 ring of protection (left hand)
 n - an uncursed ring of protection from magic
 r - a ring of magical power (right hand)
Scrolls
 g - 4 scrolls of immolation {unknown}
 h - 7 scrolls of identify {unknown}
 i - 4 scrolls of remove curse {unknown}
 m - a scroll of enchant weapon {unknown}
 p - 2 scrolls of noise {unknown}
 q - 3 scrolls of blinking {unknown}
 t - a scroll of magic mapping
 u - a scroll of random uselessness
 v - a scroll of teleportation
 w - a scroll of amnesia {unknown}
Potions
 d - 2 potions of might
 o - 2 potions of lignification {unknown}
Comestibles
 f - 13 rations


   Skills:
 + Level 3.9 Fighting
 + Level 5.7 Long Blades
 + Level 5.0 Armour
 + Level 3.1 Dodging
 + Level 1.3 Stealth
 + Level 5.3 Shields


You had 7 spell levels left.
You didn't know any spells.
Your spell library contained the following spells:

 Spells                   Type           Power        Failure   Level  Hunger
 Animate Skeleton         Necr           N/A          99%         1    ##.....
 Apportation              Tloc           #.....       99%         1    ##.....
 Confusing Touch          Hex            #.....       99%         1    ##.....
 Summon Small Mammal      Summ           #...         99%         1    ##.....


Dungeon Overview and Level Annotations

Branches:
Dungeon (4/15)
 Temple: D:4-7

Altars:
Ru

Shops:
D:4 [?[%

Annotations:
D:4 1 transporter


Innate Abilities, Weirdness & Mutations

You are small and have problems with some larger weapons.
You are somewhat resistant to further mutation.


Message History

You hit the jelly.
Your hands burn!
* * * LOW HITPOINT WARNING * * *
The jelly is severely wounded.
The jelly hits you but does no damage. The centaur skeleton hits you.
* * * LOW HITPOINT WARNING * * *
You hit the jelly but do no damage.
Your hands burn!
* * * LOW HITPOINT WARNING * * *
The jelly is severely wounded.
The jelly hits you but does no damage.
You block the centaur skeleton's attack.
The jelly barely misses you. The centaur skeleton barely misses you.
You hit the jelly.
Your hands burn!
* * * LOW HITPOINT WARNING * * *
The jelly is almost dead.
You feel sick.
You block the centaur skeleton's attack.
The jelly hits you.
* * * LOW HITPOINT WARNING * * *
The acid corrodes you!
You are splashed with acid!
You die...

#..#......).#
...........##..........#
...........###.........#
#.......... ##........#
#.........# #.......#
#........ ##......#
..#...... ##..#.##
......JZ# #...##
#....@#### ##..##
####.....#### ##..#
####.....#####..#
###...#......#..##
##.......##......#
#..........##...##
##...........###..#
#..............#..#
##.........†.......###


You could see a jelly and a centaur skeleton.

Vanquished Creatures
  Duvessa (D:4)
  A big kobold (D:7)
  Dowan (D:4)
  A howler monkey (D:4)
  A crimson imp (D:7)
  A hound (D:4)
  A jelly (D:7)
  Crazy Yiuf (D:2)
  An orc priest (D:4)
  Jessica (D:2)
  2 iguanas (D:4)
  4 orc wizards (D:4)
  A worker ant (D:4)
  A howler monkey zombie (D:2)
  11 adders
  3 gnolls (D:3)
  An ooze (D:3)
  4 worms
  A dart slug (D:1)
  3 leopard geckos
  7 orcs
  A ball python (D:1)
  5 giant cockroaches
  12 goblins
  11 hobgoblins
  10 jackals
  A quokka (D:2)
  A ball python skeleton (D:3)
  8 bats
  4 frilled lizards
  10 kobolds
  6 rats
117 creatures vanquished.

Notes
Turn   | Place    | Note
-------+----------+-------------------------------------------
     0 | D:1      | Peloso the Halfling Fighter began the quest for the Orb.
     0 | D:1      | Reached XP level 1. HP: 15/15 MP: 1/1
   102 | D:1      | Reached XP level 2. HP: 19/20 MP: 2/2
   338 | D:1      | Reached XP level 3. HP: 25/25 MP: 3/3
   776 | D:2      | Noticed Jessica
   781 | D:2      | Killed Jessica
   781 | D:2      | Reached XP level 4. HP: 31/31 MP: 4/4
   980 | D:2      | Reached XP level 5. HP: 11/36 MP: 5/5
  1595 | D:2      | Found a runed translucent door.
  1596 | D:2      | Noticed Crazy Yiuf
  1855 | D:2      | Killed Crazy Yiuf
  1905 | D:3      | Found a sacrificial altar of Ru.
  1923 | D:3      | Reached XP level 6. HP: 34/42 MP: 6/6
  1926 | D:3      | Reached skill level 1 in Stealth
  1940 | D:3      | Reached skill level 1 in Dodging
  2448 | D:4      | Found Xacuhaint's Magic Scroll Boutique.
  2449 | D:4      | Noticed Duvessa
  2449 | D:4      | Noticed Dowan
  2461 | D:4      | Killed Duvessa
  2461 | D:4      | Reached XP level 7. HP: 20/46 MP: 7/7
  2465 | D:4      | Killed Dowan
  2484 | D:4      | Bought a scroll of magic mapping for 49 gold pieces
  2484 | D:4      | Bought a scroll of random uselessness for 14 gold pieces
  2484 | D:4      | Bought a scroll of teleportation for 42 gold pieces
  2531 | D:4      | Found Geahuer's Antique Armour Shop.
  2839 | D:4      | Reached skill level 5 in Long Blades
  2846 | D:4      | Reached skill level 5 in Shields
  2953 | D:4      | Reached XP level 8. HP: 36/54 MP: 8/8
  2973 | D:4      | Found Pyloecum's Food Shop.
  3011 | D:4      | Found Uhaanoitz's Armour Shoppe.
  3084 | D:4      | Found a transporter.
  3086 | D:4      | Noticed a fire bat
  3086 | D:4      | You fall into a shaft and drop 3 floors!
  3135 | D:7      | Reached skill level 5 in Armour
  3212 | D:7      | Splashed by a jelly's acid

Levels and vault maps discovered:
D:1:      elethiomel_arrival_shortcut, layout_loops_ring, minmay_tromino_mix6
D:2:      layout_loops_ring, minmay_misc_feat_roman, uniq_crazy_yiuf_cottage,
          uniq_jessica
D:3:      layout_rooms, lemuel_crystal_altar, first_ration
D:4:      gammafunk_cloud_chamber, layout_gridville, serial_shops, shop_coins,
          kennysheep_mini, shop_fountains, shop, shop_statue,
          minmay_a_box_with_orc_wizards_in_it, uniq_duvessa
D:7:      layout_cave_pods, uniq_harold

Skill      XL: |  1  2  3  4  5  6  7  8 |
---------------+-------------------------+-----
Fighting       | 3 |  3.9
Armour         | 4 5 |  5.0
Long Blades    | 3 4 5 |  5.7
Shields        | 4 5 |  5.3
Stealth        | 1 |  1.3
Dodging        | 1 3 |  3.1

Action                   |  1- 3 |  4- 6 |  7- 9 || total
-------------------------+-------+-------+-------++-------
Melee: Long sword        |    72 |   244 |   149 ||   465
  Use: Potion            |     1 |     2 |     5 ||     8
  Eat: Chunk             |       |     5 |     3 ||     8
Armor: Scale mail        |    55 |   114 |    83 ||   252
Dodge: Dodged            |    46 |   104 |    50 ||   200
Block: Shield            |    63 |   152 |    81 ||   296
       Rpst.: Long sword |    23 |    29 |    12 ||    64
